 Dungeon Crawl Stone Soup version 0.27-a0-597-g524d869a0f (webtiles) character file.

Game seed: 13881510009109536883

36 siradein the Caller (level 3, 0/19 HPs)
             Began as a Deep Elf Summoner on Mar 12, 2021.
             Succumbed to an adder's poison
             ... on level 3 of the Dungeon.
             The game lasted 00:05:32 (2660 turns).

siradein the Caller (Deep Elf Summoner)             Turns: 2660, Time: 00:05:33

Health: 0/19       AC:  3    Str:  5    XL:     3   Next: 19%
Magic:  7/9        EV: 12    Int: 20    God:
Gold:   102        SH:  0    Dex: 15    Spells: 2/8 levels left

rFire    . . .     SeeInvis .   g - +1 spear (vorpal)
rCold    . . .     Faith    .   (no shield)
rNeg     . . .     Spirit   .   a - +0 robe
rPois    .         Reflect  .   (no helmet)
rElec    .         Harm     .   (no cloak)
rCorr    .         Rampage  .   e - +0 pair of gloves
Will     .....                  (no boots)
Stlth    ++........             (no amulet)
HPRegen  0.06/turn              (no ring)
MPRegen  0.11/turn              (no ring)

@: lethally poisoned (0 -> -13)
A: no striking features
a: no special abilities


You were on level 3 of the Dungeon.
You visited 1 branch of the dungeon, and saw 3 of its levels.

You collected 102 gold pieces.

Inventory:

Hand Weapons
 g - a +1 vorpal spear (weapon)
Armour
 a - a +0 robe (worn)
 e - a +0 pair of gloves (worn)
Scrolls
 i - a scroll of blinking {unknown}
 k - a scroll of amnesia {unknown}
Potions
 b - a potion of invisibility
 d - a potion of brilliance
 f - 2 potions of curing
 j - a potion of flight


   Skills:
 - Level 2.4 Dodging
 - Level 2.4 Stealth
 - Level 3.0 Spellcasting
 + Level 5.6 Summonings


You had 2 spell levels left.
You knew the following spells:

 Your Spells              Type           Power      Damage    Failure   Level
a - Summon Small Mammal   Summ           100%       N/A       1%          1
b - Call Imp              Summ           25%        N/A       2%          2
c - Call Canine Familiar  Summ           25%        N/A       4%          3

Your spell library contained the following spells:

 Spells                   Type           Power      Damage    Failure   Level
 Magic Dart               Conj           12%        1d3       14%         1
 Blink                    Tloc           N/A        N/A       22%         2
 Slow                     Hex            3%         N/A       22%         2
 Summon Guardian Golem    Hex/Summ       14%        N/A       14%         3
 Conjure Flame            Conj/Fire      3%         6-21      38%         3
 Mephitic Cloud           Conj/Pois/Air  3%         N/A       38%         3
 Summon Ice Beast         Ice/Summ       14%        N/A       41%         4
 Summon Lightning Spire   Summ/Air       14%        N/A       41%         4


Dungeon Overview and Level Annotations

Branches:
Dungeon (3/15)

Altars:


Message History

Press: ? - help, Q - select action, (/) - cycle Dir - look around, f - activate A beastly little devil appears in a puff of frigid air.
The adder barely misses you. The quokka bites you.
You see here a ball python corpse.
The adder barely misses you.
Your white imp completely misses the quokka.
What are your orders? t - Shout!
Orders for allies: a - Attack new target. r - Retreat! s - Stop attacking. g - Guard the area. f - Follow me.
Anything else - Cancel.
Gang up on whom?
Press: ? - help, Dir - move target, f - adder
Aim: an adder (moderately wounded) Attack!
The adder bites you.
You are poisoned.
The adder poisons you!
Your white imp misses the quokka.
You closely miss the adder.
The adder is moderately wounded.
You feel sick. The quokka bites you. The adder bites you.
* * * LOW HITPOINT WARNING * * *
The quokka misses you.
Your white imp hits the quokka.
Your white imp freezes the quokka.
The quokka dies!
You hit the adder.
The adder is severely wounded.
The adder bites you.
* * * LOW HITPOINT WARNING * * *
You are more poisoned.
The adder poisons you! The adder barely misses you.
You barely miss the adder.
The adder is severely wounded.
* * * LOW HITPOINT WARNING * * *
You feel sick. The adder bites you.
* * * LOW HITPOINT WARNING * * *
You are more poisoned.
The adder poisons you!
Your white imp closely misses the adder.
You die...

#. #.# .# # #. ##### ..
.# #.#. #...# #.##.#
#.#.####...# ..#.#
#.....##...# #.#.# #
#.....##...# ...#>#
#.....##...#####..#.#
#.....')†).?....@...#
#.....##..........###.###
#.....##.#####..S5......#
#.#..###.# #.##.###.#.###
. #....#.# #.##..## ...
####.#.#.# #.##..5# ....
.....#.#.. ..##...# .....
#......### ####...#......
..)..### #..........


You could see an adder (ally target), a friendly crimson imp (summoned) and a
friendly white imp (summoned).

Vanquished Creatures
  A leopard gecko (D:3)
  A goblin (D:2)
  A jackal (D:2)
  2 ball pythons
  A bat (D:2)
  A frilled lizard (D:3)
  2 kobolds (D:3)
9 creatures vanquished.

Vanquished Creatures (collateral kills)
  3 worms (D:2)
  2 dart slugs (D:1)
  A leopard gecko (D:1)
  A giant cockroach (D:2)
  7 goblins
  6 hobgoblins
  3 jackals (D:2)
  A quokka (D:3)
  A ball python (D:2)
  A frilled lizard (D:1)
  3 rats (D:1)
29 creatures vanquished.

Grand Total: 38 creatures vanquished

Notes
Turn   | Place    | Note
-------+----------+-------------------------------------------
     0 | D:1      | siradein the Deep Elf Summoner began the quest for the Orb.
     0 | D:1      | Reached XP level 1. HP: 10/10 MP: 6/6
   678 | D:1      | Reached XP level 2. HP: 12/15 MP: 4/8
   772 | D:1      | Reached skill level 5 in Summonings
  1346 | D:2      | Learned a level 2 spell: Call Imp
  2223 | D:2      | Reached XP level 3. HP: 11/19 MP: 5/9
  2563 | D:3      | Learned a level 3 spell: Call Canine Familiar
  2660 | D:3      | Succumbed to an adder's poison

Illustrated notes

Levels and vault maps discovered:
D:1:      dpeg_arrival_short_road, layout_basic
D:2:      layout_loops_corners
D:3:      layout_basic

Skill      XL: |  1  2 |
---------------+-------+-----
Summonings     | 5 |  5.6
Dodging        | |  2.4
Stealth        | |  2.4
Spellcasting   | |  3.0

Action                   || total
-------------------------++-------
Melee: Spear             ||    25
       Unarmed           ||     3
 Cast: Summon Small Mamm ||    38
       Call Imp          ||    13
  Use: Scroll            ||     5
 Stab: Sleeping          ||     1
Armor: Robe              ||    15
Dodge: Dodged            ||    37

Table legend: (Time is in decaauts)
 A = Elapsed time spent in this place.
 B = Non-inter-level travel time spent in this place.
 C = Inter-level travel time spent in this place.
 D = Time resting spent in this place.
 E = Time spent auto-exploring this place.
 F = Levels seen in this place.
 G = Mean time per level.
                   A        B        C        D        E       F      G
               +--------+--------+--------+--------+--------+-----+--------+
         Total |   2661 |   2561 |    100 |      0 |   2124 |   3 |  887.0 |
       Dungeon |   2661 |   2561 |    100 |      0 |   2124 |   3 |  887.0 |
               +--------+--------+--------+--------+--------+-----+--------+

Top non-repeatable levels by time:
     D:2: 1258 daAuts
     D:1: 1247 daAuts
     D:3: 156 daAuts
